Unix NetHack Version 5.0.0-0 post-release - last build May  4 2026 22:22:43 (774f63e81ad911689b3a0859ea89b322d5daca8d,branch:main).

Game began 2026-05-07 02:19:51, ended 2026-05-08 01:19:07.

Koku, neutral female gnomish Wizard

                                 -----  ------
                                 |...|  |....|
                                 |.`.----..`.|
                                 |`........`.|
                                 |..--->---..|
                                ---.---------|
                                |.....|<.^.^.|
                                |..`.`|----^.|
                                |...`.|   |^--
                                |.@B.`-----^|
                                |.....^..^^^|
                                ----------..|
                                         ----

Koku the Conjurer         St:11 Dx:14 Co:13 In:16 Wi:13 Ch:12  Neutral
Dlvl:6  $:62 HP:0(35) Pw:22(53) AC:9  Xp:5 T:2786 

Latest messages:
 You try to move the boulder, but in vain.
 You try to move the boulder, but in vain.
 Where do you want to travel to?
 (For instructions type a '?')
 In what direction? 8
 The spell hits the iguana!
 You kill the iguana!
 A potion of water shatters!
 You see here an iguana corpse.
 There is an iguana corpse here; eat it? [ynq] (n) y
 This iguana corpse is stringy.
 You finish eating the iguana corpse.
 Where do you want to travel to?
 (For instructions type a '?')
 You climb up the stairs.
 You see here a pancake.
 z - a pancake.
 You see here a tin.
 H - a tin.
 You cannot pass that way.
 With great effort you move the boulder.
 With great effort you move the boulder.
 You see here 2 cram rations.
 I - 2 cram rations.
 You try to move the boulder, but in vain.
 With great effort you move the boulder.
 The boulder suddenly rolls away from you!
 You hear a boulder fall.
 With great effort you move the boulder.
 The boulder suddenly rolls away from you!
 You hear a boulder fall.
 The giant bat bites!
 The giant bat bites!
 The giant bat bites!
 You miss the giant bat.
 The giant bat bites!
 The giant bat bites!
 You hit the giant bat.
 The giant bat bites!
 The giant bat bites!
 You miss the giant bat.
 The giant bat bites!
 The giant bat bites!
 The giant bat bites!
 You die...
 Do you want your possessions identified? [ynq] (y) y
 Do you want to see your attributes? [ynq] (y) y
 Do you want an account of creatures vanquished? [ynaq] (y) y
 Do you want to see your conduct and achievements? [ynq] (y) y
 Do you want to see the dungeon overview? [ynq] (y) y

Inventory:
 Coins    ('$')
  $ - 62 gold pieces
 Weapons  (')')
  T - a +1 sling
  S - a blessed fireproof +1 elven dagger (weapon in right hand)
  a - a blessed +2 quarterstaff
 Armor    ('[')
  b - an uncursed +0 cloak of magic resistance (being worn)
 Comestibles  ('%')
  r - 2 uncursed slime molds
  I - 2 uncursed cram rations
  t - an uncursed cream pie
  B - an uncursed lembas wafer
  z - an uncursed pancake
  H - an uncursed tin of deep fried killer bee meat
 Scrolls  ('?')
  C - a blessed scroll of blank paper
  u - 2 uncursed scrolls of blank paper
  D - a cursed scroll of blank paper
  i - an uncursed scroll of charging
  Z - a blessed scroll of enchant weapon
  w - an uncursed scroll of identify
  k - an uncursed scroll of scare monster
  v - a cursed scroll of scare monster
  j - an uncursed scroll of teleportation
 Spellbooks  ('+')
  l - a blessed spellbook of force bolt
  m - an uncursed spellbook of healing
 Potions  ('!')
  W - an uncursed potion of extra healing
  A - an uncursed potion of invisibility
  V - an uncursed potion of paralysis
  g - a blessed potion of sickness
  f - 3 uncursed potions of water
 Rings    ('=')
  d - an uncursed +2 ring of adornment (on right hand)
  e - an uncursed ring of invisibility
 Wands    ('/')
  c - a wand of fire (0:5)
  y - a wand of stasis (0:4)
 Tools    ('(')
  s - an empty cursed sack
  o - an uncursed blindfold
  G - a cursed can of grease (0:17)
  n - a magic marker (0:0)
  L - a +0 pick-axe
  h - an uncursed tin opener
 Gems/Stones  ('*')
  F - an uncursed citrine stone
  E - an uncursed worthless piece of black glass
  R - an uncursed worthless piece of white glass
  x - an uncursed worthless piece of yellowish brown glass

Koku the Wizard's attributes:

Background:
 You were a Conjurer, a level 5 female gnomish Wizard.
 You were neutral, on a mission for Thoth
 who was opposed by Ptah (lawful) and Anhur (chaotic).
 You were right-handed.
 You were in Sokoban, on level 6.
 You entered the dungeon 2786 turns ago.
 It was nighttime.
 You had 291 experience points, 29 more were needed to attain level 6.

Basics:
 You had 0 out of 35 hit points.
 You had 22 out of 53 energy points (spell power).
 Your armor class was 9.
 Your wallet contained 62 zorkmids.
 Autopickup was off.

Final Characteristics:
 Your strength was 11 (limit:18/50).
 Your dexterity was 14 (limit:18).
 Your constitution was 13 (limit:18).
 Your intelligence was 16 (limit:19).
 Your wisdom was 13 (limit:18).
 Your charisma was 12 (base:10, limit:18).

Final Status:
 You weren't hungry.
 You were unencumbered.
 You were wielding a dagger.
 You were unskilled in dagger.

Final Attributes:
 You were piously aligned.
 You were magic-protected.
 You were telepathic.
 You had infravision.
 You were more charismatic.
 You were warded.
 You were fast.
 You are dead.

Miscellaneous:
 You didn't encounter any bones levels.
 Total elapsed playing time was 33 minutes and 44 seconds.

Major events:
 Turn
    1: Koku the neutral female gnomish Wizard entered the dungeon
  878: attained the rank of Conjurer (level 3)
  880: found Ogresmasher on the floor
 1226: entered the Gnomish Mines
 2748: entered Sokoban
 2786: killed by a giant bat

Spells:
 Name                 Level Category     Fail Retention
 force bolt             1   attack         0%   81%-90%
 healing                1   healing        0%  76%-100%

Skills:
 Fighting Skills
   bare handed combat [Unskilled]
   riding             [Unskilled]
 Weapon Skills
   dagger             [Unskilled]
   knife              [Unskilled]
   axe                [Unskilled]
   short sword        [Unskilled]
   club               [Unskilled]
   mace               [Unskilled]
   quarterstaff       [Basic]
   polearms           [Unskilled]
   spear              [Unskilled]
   trident            [Unskilled]
   sling              [Unskilled]
   dart               [Unskilled]
   shuriken           [Unskilled]
 Spellcasting Skills
   attack spells      [Basic]
   healing spells     [Unskilled]
   divination spells  [Unskilled]
   enchantment spells [Basic]
   clerical spells    [Unskilled]
   escape spells      [Unskilled]
   matter spells      [Unskilled]

Voluntary challenges:
 Character rerolling was not enabled.
 You never genocided any monsters.
 You never polymorphed an object.
 You never changed form.
 You used no wishes.
 You did not violate any of the special Sokoban rules.
Achievements:
 You entered a shop.
 You attained the rank of Conjurer.
 You entered the Gnomish Mines.
 You entered Sokoban.

 The Dungeons of Doom: levels 1 to 7
    Level 1:
       A fountain, a sink.
    Level 2:
       An armor shop.
    Level 3:
       A potion shop, a fountain.
    Level 4:
       A food shop, a fountain, a sink.
       Stairs down to The Gnomish Mines.
    Level 5:
       A sink.
    Level 6:
       Many fountains.
       Oracle of Delphi.
    Level 7:
       An altar to Thoth.
       Stairs up to Sokoban, level 6.
 The Gnomish Mines:
    Level 5:
 Sokoban:
    Level 6: <- You were here.
       Unsolved.
       Final resting place for
          you, killed by a giant bat.


Vanquished creatures:
  a small mimic
  a dingo
  a violet fungus
  2 gray oozes
  a paper golem
  a giant ant
  a floating eye
  a kitten
  a dwarf
  a homunculus
  2 rothes
  a monkey
  3 dwarf zombies
  a werejackal
  4 iguanas
  a gas spore
  2 hobbits
  2 giant rats
  4 cave spiders
  3 geckos
  3 jackals
  a fox
  2 kobolds
  a goblin
  a sewer rat
  5 grid bugs
  4 lichens
  2 kobold zombies
  5 newts
58 creatures vanquished.

No species were genocided or became extinct.

Game over:
                       ----------
                      /          \
                     /    REST    \
                    /      IN      \
                   /     PEACE      \
                  /                  \
                  |       Koku       |
                  |      62 Au       |
                  |   killed by a    |
                  |    giant bat     |
                  |                  |
                  |                  |
                  |       2026       |
                 *|     *  *  *      | *
        _________)/\\_//(\/(/\)/\//\/|_)_______

Goodbye Koku the Wizard...

You died in Sokoban on dungeon level 6 with 1530 points,
and 62 pieces of gold, after 2786 moves.
You were level 5 with a maximum of 35 hit points when you died.

